 Dungeon Crawl Stone Soup version 0.27.1-1-g398f81649c (webtiles) character file.

Game seed: 2544138643715790584

534 MisterFreud the Shield-Bearer (level 7, -3/60 HPs)
             Began as a Gnoll Fighter on Sept 10, 2021.
             Was an Initiate of Nemelex Xobeh.
             Slain by a water moccasin skeleton (5 damage)
             ... on level 4 of the Dungeon.
             The game lasted 00:03:53 (3659 turns).

MisterFreud the Shield-Bearer (Gnoll Fighter)       Turns: 3659, Time: 00:03:53

Health: -3/60      AC:  9    Str: 16    XL:     7   Next: 25%
Magic:  10/10      EV:  8    Int:  9    God:    Nemelex Xobeh [......]
Gold:   186        SH: 10    Dex: 11    Spells: 10/10 levels left

rFire    . . .     SeeInvis .   a - +0 rapier
rCold    . . .     Faith    .   c - +0 kite shield
rNeg     . . .     Spirit   .   b - +0 scale mail
rPois    .         Reflect  .   (no helmet)
rElec    .         Harm     .   (no cloak)
rCorr    .         Rampage  .   (no gloves)
Will     .....                  u - +0 pair of boots
Stlth    +.........             (no amulet)
HPRegen  0.20/turn              (no ring)
MPRegen  0.12/turn              (no ring)

@: no status effects
A: fangs 1, strong nose, distributed training
a: Renounce Religion, Draw Escape, Draw Destruction, Draw Summoning


You were on level 4 of the Dungeon.
You worshipped Nemelex Xobeh.
Nemelex Xobeh was noncommittal.
You visited 1 branch of the dungeon, and saw 5 of its levels.

You collected 186 gold pieces.

Inventory:

Hand Weapons
 a - a +0 rapier (weapon)
Missiles
 s - 2 boomerangs of dispersal
 x - 14 poisoned darts (quivered)
Armour
 b - a +0 scale mail (worn)
 c - a +0 kite shield (worn)
 u - a +0 pair of boots (worn)
Wands
 y - a wand of polymorph (6)
Scrolls
 e - a scroll of holy word {unknown}
 f - a scroll of vulnerability {unknown}
 h - a scroll of enchant armour {unknown}
 k - 4 scrolls of identify {unknown}
 l - a scroll of fog {unknown}
 m - a scroll of noise {unknown}
 p - a scroll of teleportation {unknown}
 q - a scroll of blinking {unknown}
 w - a scroll of fear {unknown}
Potions
 d - a potion of might
 g - a potion of magic {unknown}
 i - 4 potions of degeneration {unknown}
 j - a potion of resistance {unknown}
 n - a potion of attraction {unknown}
 o - a potion of brilliance {unknown}
 r - 2 potions of ambrosia {unknown}
 t - a potion of haste {unknown}
 v - a potion of cancellation {unknown}


   Skills:
 + Level 7.0 Fighting
 + Level 5.2 Short Blades
 + Level 2.3 Long Blades
 + Level 2.3 Axes
 + Level 2.3 Maces & Flails
 + Level 2.3 Polearms
 + Level 2.3 Staves
 + Level 2.3 Slings
 + Level 2.3 Bows
 + Level 2.3 Crossbows
 + Level 2.3 Throwing
 + Level 7.0 Armour
 + Level 2.3 Dodging
 + Level 2.3 Stealth
 + Level 7.0 Shields
 + Level 2.3 Unarmed Combat
 + Level 2.3 Spellcasting
 + Level 1.9 Conjurations
 + Level 1.9 Hexes
 + Level 1.9 Summonings
 + Level 1.9 Necromancy
 + Level 1.9 Translocations
 + Level 1.9 Transmutations
 + Level 1.9 Fire Magic
 + Level 1.9 Ice Magic
 + Level 1.9 Air Magic
 + Level 1.9 Earth Magic
 + Level 1.9 Poison Magic
 + Level 2.6 Invocations
 + Level 2.3 Evocations


You had 10 spell levels left.
You didn't know any spells.
Your spell library contained the following spells:

 Spells                   Type           Power      Damage    Failure   Level
 Slow                     Hex            4%         N/A       89%         2
 Confusing Touch          Hex            4%         N/A       98%         3
 Gell's Gravitas          Tloc           2%         N/A       98%         3
 Lesser Beckoning         Tloc           2%         N/A       98%         3
 Teleport Other           Tloc           4%         N/A       98%         3
 Vampiric Draining        Necr           2%         2d6       98%         3


Dungeon Overview and Level Annotations

Branches:
Dungeon (5/15)             Temple (0/1) D:5

Altars:
Nemelex Xobeh


Innate Abilities, Weirdness & Mutations

You have very sharp teeth.
Your uncanny sense of smell can sniff out nearby items.
Your experience applies equally to all skills.


Message History

Your Fighting skill increases to level 7!
Your Armour skill increases to level 7!
Your Shields skill increases to level 7!
Unknown command.
The water moccasin skeleton closely misses you.
The water moccasin skeleton bites you.
* * * LOW HITPOINT WARNING * * *
You hit the water moccasin skeleton but do no damage.
You block the water moccasin skeleton's attack.
You hit the water moccasin skeleton but do no damage.
Your bite misses the water moccasin skeleton.
You block the water moccasin skeleton's attack. x2
You closely miss the water moccasin skeleton.
The water moccasin skeleton bites you but does no damage.
You hit the water moccasin skeleton.
Your bite misses the water moccasin skeleton.
The water moccasin skeleton is lightly damaged.
The water moccasin skeleton bites you but does no damage.
You barely miss the water moccasin skeleton.
The water moccasin skeleton is lightly damaged.
The water moccasin skeleton bites you.
* * * LOW HITPOINT WARNING * * *
You barely miss the water moccasin skeleton.
The water moccasin skeleton is lightly damaged.
The water moccasin skeleton closely misses you.
You block the water moccasin skeleton's attack.
You puncture the water moccasin skeleton!
The water moccasin skeleton is heavily damaged.
The water moccasin skeleton bites you.
* * * LOW HITPOINT WARNING * * *
Unknown command.
There is an open door here.
Throw: 3 boomerangs (disperse)
Press: ? - help, Shift-Dir - straight line, f - water moccasin skeleton
Aim: a water moccasin skeleton (heavily damaged, 68% to hit)
You throw a boomerang of dispersal.
The boomerang of dispersal barely misses the water moccasin skeleton.
The water moccasin skeleton bites you.
You die...
Your body disappears without a glow.

#..................
#..................
#.....#'##########.
#.....#...#......#.
#.....#...'<.....#.
#.....##'######'##.
#.............#..#.
##Z###........#..'.
#@..#........'..#.
#...#........####.
#...##+####.......
#######....'.......
#.....#....#.......
#.....#....#.......
#.....######.......
#..........)....###
#...............#..


You could see a water moccasin skeleton.

Vanquished Creatures
  An ogre (D:4)
  A scorpion (D:5)
  A bullfrog zombie (D:5)
  4 hounds
  A jelly (D:5)
  2 orc priests (D:5)
  An iguana (D:4)
  3 adders
  2 worms (D:2)
  3 dart slugs
  4 orcs
  10 bats
  6 endoplasms
  2 giant cockroaches
  8 hobgoblins
  6 kobolds
  6 quokkas
  7 ball pythons
  2 frilled lizards (D:1)
  8 goblins
  12 rats
90 creatures vanquished.

Notes
Turn   | Place    | Note
-------+----------+-------------------------------------------
     0 | D:1      | MisterFreud the Gnoll Fighter began the quest for the Orb.
     0 | D:1      | Reached XP level 1. HP: 23/23 MP: 1/1
   101 | D:1      | Reached XP level 2. HP: 29/29 MP: 2/2
   332 | D:1      | Reached XP level 3. HP: 28/35 MP: 3/3
   501 | D:1      | Reached skill level 1 in Invocations
  1009 | D:2      | Reached skill level 1 in Long Blades
  1009 | D:2      | Reached skill level 1 in Axes
  1009 | D:2      | Reached skill level 1 in Maces & Flails
  1009 | D:2      | Reached skill level 1 in Polearms
  1009 | D:2      | Reached skill level 1 in Staves
  1009 | D:2      | Reached skill level 1 in Slings
  1009 | D:2      | Reached skill level 1 in Bows
  1009 | D:2      | Reached skill level 1 in Crossbows
  1009 | D:2      | Reached skill level 1 in Throwing
  1009 | D:2      | Reached skill level 1 in Dodging
  1009 | D:2      | Reached skill level 1 in Stealth
  1009 | D:2      | Reached skill level 1 in Unarmed Combat
  1009 | D:2      | Reached skill level 1 in Spellcasting
  1009 | D:2      | Reached skill level 1 in Evocations
  1048 | D:2      | Reached XP level 4. HP: 40/41 MP: 5/5
  2022 | D:3      | Reached skill level 1 in Conjurations
  2022 | D:3      | Reached skill level 1 in Hexes
  2022 | D:3      | Reached skill level 1 in Summonings
  2022 | D:3      | Reached skill level 1 in Necromancy
  2022 | D:3      | Reached skill level 1 in Translocations
  2022 | D:3      | Reached skill level 1 in Transmutations
  2022 | D:3      | Reached skill level 1 in Fire Magic
  2022 | D:3      | Reached skill level 1 in Ice Magic
  2022 | D:3      | Reached skill level 1 in Air Magic
  2022 | D:3      | Reached skill level 1 in Earth Magic
  2022 | D:3      | Reached skill level 1 in Poison Magic
  2035 | D:3      | Found a sparkling altar of Nemelex Xobeh.
  2166 | D:4      | Reached XP level 5. HP: 35/47 MP: 5/7
  2439 | D:4      | You fall into a shaft and drop 1 floor!
  2439 | D:5      | Entered Level 5 of the Dungeon
  2440 | D:5      | Found a staircase to the Ecumenical Temple.
  2591 | D:5      | Reached XP level 6. HP: 49/53 MP: 8/8
  2805 | D:5      | Reached skill level 5 in Short Blades
  3230 | D:3      | Became a worshipper of Nemelex Xobeh the Trickster
  3318 | D:4      | Reached XP level 7. HP: 48/59 MP: 10/10
  3655 | D:4      | HP: 1/60 [water moccasin skeleton (5)]
  3659 | D:4      | Slain by a water moccasin skeleton

Illustrated notes

Levels and vault maps discovered:
D:1:      enne_arrival_octagon_isle, layout_basic, minmay_rat_gold_closets
D:2:      layout_basic
D:3:      layout_basic, marbit_many_paths, nrook_loot_triangle, eino_curves_03
D:4:      layout_gridville, dk_vineyard_3, uniq_natasha
D:5:      layout_gridville, minmay_temple_entry_drinking_statues, serial_shops,
          shop

Skill      XL: |  1  2  3  4  5  6  7 |
---------------+----------------------+-----
Invocations    | 1 2 |  2.6
Long Blades    | 1 2 |  2.3
Axes           | 1 2 |  2.3
Maces & Flails | 1 2 |  2.3
Polearms       | 1 2 |  2.3
Staves         | 1 2 |  2.3
Slings         | 1 2 |  2.3
Bows           | 1 2 |  2.3
Crossbows      | 1 2 |  2.3
Throwing       | 1 2 |  2.3
Dodging        | 1 2 |  2.3
Stealth        | 1 2 |  2.3
Unarmed Combat | 1 2 |  2.3
Spellcasting   | 1 2 |  2.3
Evocations     | 1 2 |  2.3
Conjurations   | 1 |  1.9
Hexes          | 1 |  1.9
Summonings     | 1 |  1.9
Necromancy     | 1 |  1.9
Translocations | 1 |  1.9
Transmutations | 1 |  1.9
Fire Magic     | 1 |  1.9
Ice Magic      | 1 |  1.9
Air Magic      | 1 |  1.9
Earth Magic    | 1 |  1.9
Poison Magic   | 1 |  1.9
Short Blades   | 5 |  5.2
Fighting       | 7 |  7.0
Armour         | 7 |  7.0
Shields        | 7 |  7.0

Action                   |  1- 3 |  4- 6 |  7- 9 || total
-------------------------+-------+-------+-------++-------
Melee: Rapier            |   137 |   210 |    16 ||   363
       Bite              |     9 |    18 |       ||    27
Throw: Dart              |       |       |     2 ||     2
       Boomerang         |       |       |     1 ||     1
Armor: Scale mail        |    52 |    93 |     2 ||   147
Dodge: Dodged            |    36 |    70 |     3 ||   109
Block: Kite shield       |    60 |   124 |     9 ||   193
